 Dungeon Crawl Stone Soup version 0.32-a0-818-gb728d0252e (webtiles) character file.

Game seed: 43790383750839582

20444 Rohain the Carver (level 12, -6/103 HPs)
             Began as an Armataur Fighter on Mar 23, 2024.
             Was a High Priest of the Shining One.
             Mangled by an ettin
             ... wielding a +0 dire flail
              (24 damage)
             ... on level 13 of the Dungeon.
             The game lasted 00:20:00 (13412 turns).

Rohain the Carver (Armataur Fighter)               Turns: 13412, Time: 00:20:01

Health: -6/103     AC: 22    Str: 25    XL:     12   Next: 45%
Magic:  0/17       EV: 11    Int: 12    God:    the Shining One [*****.]
Gold:   1030       SH:  9    Dex: 17    Spells: 11/11 levels left

rFire   + . .        I - +5 long sword
rCold   . . .        P - +2 buckler
rNeg    + + +        K - +7 chain mail of Dithmenos's Envy {rF+}
rPois   +            t - +1 hat
rElec   .            x - +2 cloak {Stlth+}
rCorr   .            (no gloves)
SInv    .            (no barding)
Will    +....        h - amulet of guardian spirit Stlth
                     g - +6 ring of dexterity
HPRegen 1.02/turn    O - ring "Boujusm" {rPois rN+ Will+ EV+5 Int+3}
MPRegen 0.48/turn

%: guardian spirit, roll
@: glowing
A: large, deformed body, tough skin 3, armoured tail, rollpage 2
a: Renounce Religion, Divine Shield, Cleansing Flame, Summon Divine Warrior


You were on level 13 of the Dungeon.
You worshipped the Shining One.
The Shining One was extremely pleased with you.
You visited 2 branches of the dungeon, and saw 14 of its levels.
You also visited: Gauntlet.

You collected 1030 gold pieces.

Inventory:

Hand Weapons
 a - a +0 long sword
 s - a +2 falchion of electrocution
 I - a +5 long sword (weapon)
Armour
 b - a +0 scale mail
 c - a +0 buckler
 d - a +0 cloak
 i - a +0 chain mail
 t - a +1 hat (worn)
 u - a +1 plate armour
 x - a +2 cloak of stealth (worn)
 K - the +7 chain mail of Dithmenos's Envy (worn) {rF+}
   (You took it off an orc priest on level 8 of the Dungeon)

   rF+:       It protects you from fire.
 P - a +2 buckler (worn)
 Q - a +3 plate armour of positive energy
 S - the +3 plate armour "Eta Ybie" {Str+2 Dex+3}
   (You found it in a Gauntlet)

   Str+2:     It affects your strength (+2).
   Dex+3:     It affects your dexterity (+3).
Jewellery
 g - a +6 ring of dexterity (left hand)
 h - an amulet of guardian spirit (around neck)
 C - a ring of magical power
 J - a +6 ring of dexterity
 N - a ring of protection from fire
 O - the ring "Boujusm" (right hand) {rPois rN+ Will+ EV+5 Int+3}
   (You found it in a Gauntlet)

   [ring of evasion]

   EV+5:      It affects your evasion (+5).
   Int+3:     It affects your intelligence (+3).
   rPois:     It protects you from poison.
   rN+:       It protects you from negative energy.
   Will+:     It increases your willpower.
Wands
 l - a wand of flame (37)
 y - a wand of quicksilver (10)
 z - a wand of roots (10)
 A - a wand of polymorph (11)
 F - a wand of mindburst (16)
 L - a wand of paralysis (16)
 R - a wand of digging (4)
Scrolls
 v - 2 scrolls of fear
 w - 4 scrolls of teleportation
 D - a scroll of poison
 E - 2 scrolls of vulnerability
 G - a scroll of immolation
 M - a scroll of blinking
 T - a scroll of enchant weapon {unknown}
Potions
 e - a potion of enlightenment
 f - 10 potions of curing
 j - 2 potions of heal wounds
 k - a potion of resistance
 m - 2 potions of degeneration {unknown}
 n - a potion of ambrosia {unknown}
 o - a potion of magic
 p - a potion of haste
 q - 7 potions of brilliance
 r - 4 potions of attraction
 B - 2 potions of mutation
 H - 2 potions of berserk rage


   Skills:
 + Level 8.7 Fighting
 * Level 11.8 Long Blades
 + Level 11.3 Armour
 + Level 10.1 Shields
 + Level 6.8 Invocations


You had 11 spell levels left.
You didn't know any spells.
Your spell library contained the following spells:

 Spells                   Type           Power      Damage    Failure   Level
 Magic Dart               Conj           0%         1d3       82%         1
 Slow                     Hex            0%         N/A       82%         1
 Searing Ray              Conj           0%         2d4       91%         2
 Confusing Touch          Hex            0%         N/A       99%         3
 Dazzling Flash           Conj/Hex       0%         N/A       99%         3
 Frozen Ramparts          Ice            0%         1d1       99%         3
 Ozocubu's Armour         Ice            0%         N/A       99%         3
 Vampiric Draining        Necr           0%         2d6       99%         3
 Fulminant Prism          Conj/Alch      0%         3d5       100%        4
 Metabolic Englaciation   Hex/Ice        0%         N/A       100%        5
 Summon Forest            Summ/Tloc      0%         N/A       100%        5
 Eringya's Noxious Bog    Alch           0%         4d6       100%        6
 Starburst                Conj/Fire      0%         6d3       100%        6
 Summon Hydra             Summ           0%         N/A       100%        7
 Maxwell's Capacitive Co  Air            0%         ∞         100%        8


Dungeon Overview and Level Annotations

Branches:
Dungeon (13/15)            Temple (1/1) D:4            Lair (0/5) D:10
    Orc (0/2) D:11        Gauntlet (visited)
 Vaults: D:13-14

Altars:
Ashenzari
Cheibriados
Dithmenos
Elyvilon
Fedhas
Gozag
Hepliaklqana
Kikubaaqudgha
Makhleb
Nemelex Xobeh
Okawaru
Qazlal
Ru
Sif Muna
Trog
Uskayaw
Vehumet
Wu Jian
Xom
Yredelemnul
Zin
The Shining One

Shops:
D:6 =

Annotations:
D:4 3 runed translucent doors, zenocrate's ghost, amateur OpEE


Innate Abilities, Weirdness & Mutations

Armour fits poorly on your strangely shaped body.
You have extremely tough skin. (AC +3)
You have a long armoured tail.
You regenerate magic and health when rolling toward enemies. (Rampage Regen)


Message History

The centaur warrior hits you. You block the centaur warrior's attack.
The centaur warrior hits you!
The centaur warrior kicks you but does no damage.
You slash the centaur warrior! You tail-slap the centaur warrior.
The centaur warrior is almost dead.
You block the centaur warrior's attack. The centaur warrior barely misses you.
You slash the centaur warrior!
You kill the centaur warrior!
Things that are here:
a +0 shortbow; a centaur corpse Magic restored.
HP restored.
q - 7 potions of brilliance (gained 1)
You now have 1030 gold pieces (gained 20).
Found a quarterstaff, a club, a scale mail and a pair of glowing boots.
An ettin comes into view.
It is wielding a +0 dire flail and a +0 great mace.
Found a robe and 5 gold pieces.
The ettin shouts in stereo!
You hear a shout!
An ettin is nearby!
You roll towards the ettin!
The ettin hits you but does no damage.
The ettin hits you with a +0 great mace!!
You hit the ettin.
The ettin is lightly wounded.
The ettin hits you with a +0 dire flail!!
You block the ettin's attack.
You hit the ettin but do no damage. You tail-slap the ettin.
The ettin is lightly wounded.
You block the ettin's attack. x2
You slash the ettin!
The ettin is moderately wounded.
The ettin barely misses you. You block the ettin's attack.
You slash the ettin!
The ettin is moderately wounded.
The ettin hits you with a +0 dire flail!!!
The ettin hits you with a +0 great mace!!
* * * LOW HITPOINT WARNING * * *
Unknown command.
The ettin attacks as it pursues you!
The ettin hits you with a +0 dire flail!!
You die...

.....##....##...#
.....##....#...##
.........#.#..#.#
.........#.#.#..#
.....##
.........#.##...#
.$![...
..#####<.).#...##
.[.[... ..
#..#.#..#.# .$))...
#..#(#.#..## .......
#..#.#....@## ....#
.....#....#C###....#
#####.#....##.#..C..#
.#....###.#....#
.###### ########


You could see an ettin.

Vanquished Creatures
  A minotaur (Gauntlet)
  A hydra (Gauntlet)
  A centaur warrior (D:13)
  A boulder beetle (D:12)
  A skeletal warrior (D:12)
  2 deep elf pyromancers (D:12)
  2 ugly things (D:12)
  A manticore (D:11)
  4 cyclopes
  A torpor snail (Gauntlet)
  2 gargoyles (D:11)
  6 kobold demonologists
  A komodo dragon (D:11)
  5 trolls
  2 vampires
  3 shadows (Gauntlet)
  A wraith (D:12)
  22 yaks
  2 wyverns
  Grum (D:11)
  3 vampire mosquitoes (D:12)
  An acid dragon (D:12)
  A water moccasin (D:5)
  8 orc warriors
  An ice beast (D:6)
  An ogre (D:5)
  6 wolves
  2 centaurs (D:9)
  A phantom (D:4)
  8 kobold brigands
  4 bullfrogs
  A gnoll sergeant (D:3)
  13 wights
  8 killer bees
  6 howler monkeys
  2 bombardier beetles
  6 hounds
  12 orc priests
  Ijyb (D:5)
  4 iguanas
  3 sleepcaps (D:6)
  12 orc wizards
  7 gnolls (D:3)
  5 adders
  A shadow imp (D:6)
  2 white imps
  4 ufetubi
  A dart slug (D:2)
  4 ribbon worms
  44 orcs
  6 ball pythons
  4 endoplasms
  5 giant cockroaches
  2 goblins
  8 hobgoblins
  3 jackals (D:2)
  40 kobolds
  A quokka (D:3)
  5 bats
  3 frilled lizards
  6 rats
315 creatures vanquished.

Notes
Turn   | Place    | Note
-------+----------+-------------------------------------------
     0 | D:1      | Rohain the Armataur Fighter began the quest for the Orb.
     0 | D:1      | Reached XP level 1. HP: 18/18 MP: 1/1
   423 | D:1      | Found a faded altar of an unknown god.
   440 | D:1      | Reached XP level 2. HP: 25/25 MP: 2/2
  1018 | D:2      | Reached XP level 3. HP: 27/30 MP: 3/3
  1614 | D:3      | Reached XP level 4. HP: 30/38 MP: 4/4
  1720 | D:3      | Noticed a gnoll sergeant
  1984 | D:3      | Killed a gnoll sergeant
  1985 | D:3      | Reached XP level 5. HP: 21/45 MP: 5/5
  2975 | D:4      | Reached XP level 6. HP: 51/51 MP: 6/6
  2995 | D:4      | Identified the +1 robe of Fami {Int+5}
  3030 | D:4      | Reached skill level 5 in Armour
  3063 | D:4      | Found a runed translucent gate.
  3063 | D:4      | Found a runed translucent gate.
  3063 | D:4      | Found a runed translucent gate.
  3066 | D:4      | Noticed zenocrate's ghost (amateur OpEE)
  3346 | D:4      | Found a staircase to the Ecumenical Temple.
  3721 | Temple   | Entered the Ecumenical Temple
  3778 | Temple   | Became a worshipper of the Shining One
  3882 | D:5      | Entered Level 5 of the Dungeon
  4175 | D:5      | Noticed a water moccasin
  4195 | D:5      | Killed a water moccasin
  4196 | D:5      | Gained mutation: You regenerate magic and health when
                  | rolling toward enemies. (Rampage Regen) [Armataur growth]
  4196 | D:5      | Reached XP level 7. HP: 47/59 MP: 7/7
  4199 | D:5      | Reached skill level 5 in Shields
  4391 | D:5      | Reached skill level 5 in Long Blades
  4491 | D:5      | Noticed Ijyb
  4499 | D:5      | Killed Ijyb
  4526 | D:5      | Found an opulent altar of Gozag.
  4992 | D:6      | Found Biejigie's Jewellery Boutique.
  5434 | D:6      | Reached XP level 8. HP: 66/67 MP: 8/8
  5682 | D:6      | Reached * piety under the Shining One
  5801 | D:6      | Identified the +2 robe of Gebrow {Dex+5}
  6037 | D:7      | Reached skill level 5 in Fighting
  6310 | D:7      | Reached XP level 9. HP: 54/74 MP: 9/9
  6464 | D:7      | Reached ** piety under the Shining One
  6944 | D:8      | Identified the +7 chain mail of Dithmenos's Envy {rF+}
  6981 | D:8      | Reached skill level 1 in Invocations
  8657 | D:9      | Identified the +0 ring mail of Zin's Esteem {rF+ Dex+5}
  8858 | D:9      | Noticed a cyclops
  8865 | D:9      | Killed a cyclops
  8866 | D:9      | Reached XP level 10. HP: 58/84 MP: 12/12
  8977 | D:9      | Identified the +8 ring mail "Fiepneum" {rPois Slay+5 SInv}
  9081 | D:10     | Entered Level 10 of the Dungeon
  9123 | D:10     | Reached *** piety under the Shining One
  9426 | D:10     | Found a staircase to the Lair.
 10229 | D:11     | Noticed a gargoyle
 10246 | D:11     | Killed a gargoyle
 10413 | D:11     | Reached **** piety under the Shining One
 10439 | D:11     | Reached XP level 11. HP: 92/92 MP: 14/14
 10463 | D:11     | Reached skill level 10 in Long Blades
 10594 | D:11     | Reached skill level 5 in Invocations
 10609 | D:11     | Found a staircase to the Orcish Mines.
 10629 | D:11     | Reached skill level 10 in Armour
 10838 | D:11     | Noticed Grum
 10845 | D:11     | Killed Grum
 11266 | D:12     | Noticed a deep elf pyromancer
 11269 | D:12     | Killed a deep elf pyromancer
 11301 | D:12     | Found a gate leading to a gauntlet.
 11308 | Gauntlet | Entered a Gauntlet
 11308 | Gauntlet | Found a transporter.
 11308 | Gauntlet | Found a transporter.
 11329 | Gauntlet | Found a transporter.
 11332 | Gauntlet | Found a transporter.
 11332 | Gauntlet | Found a transporter.
 11332 | Gauntlet | Found a transporter.
 11338 | Gauntlet | Noticed an eight-headed hydra
 11342 | Gauntlet | Found a transporter.
 11343 | Gauntlet | Noticed a hell hog
 11346 | Gauntlet | Found a transporter.
 11354 | Gauntlet | Noticed a green death
 11354 | Gauntlet | Reached ***** piety under the Shining One
 11356 | Gauntlet | Found a transporter.
 11458 | Gauntlet | Found a transporter.
 11462 | Gauntlet | Found a transporter.
 11478 | Gauntlet | Found a transporter.
 11667 | Gauntlet | HP: 4/94 [nine-headed hydra (7)]
 11681 | Gauntlet | Killed a nine-headed hydra
 11940 | Gauntlet | Identified the ring "Boujusm" {rPois rN+ Will+ EV+5 Int+3}
 11959 | Gauntlet | Noticed a minotaur
 11991 | Gauntlet | Killed a minotaur
 12216 | Gauntlet | Identified the +3 plate armour "Eta Ybie" {Str+2 Dex+3}
 12216 | Gauntlet | Identified the +1 robe of the Little Devil {Dex+9 Stlth+}
 12364 | D:12     | Reached XP level 12. HP: 93/102 MP: 13/16
 12617 | D:12     | Noticed a boulder beetle
 12670 | D:12     | Killed a boulder beetle
 13130 | D:12     | Reached skill level 10 in Shields
 13211 | D:12     | Noticed a purple very ugly thing
 13295 | D:13     | Noticed a centaur warrior
 13302 | D:13     | Killed a centaur warrior
 13400 | D:13     | Noticed an ettin
 13412 | D:13     | Mangled by an ettin

Illustrated notes

Levels and vault maps discovered:
D:1:      nzn_arrival_settlement, layout_loops_ring,
          chequers_ecumenical_altar_simple_redux
D:2:      layout_rooms
D:3:      layout_loops_corners, amcnicky_mini_pool_small,
          palyth_stone_intersect, minmay_goblin_kobold_house
D:4:      layout_loops_ring, minmay_temple_entry_waves,
          gammafunk_ghost_necromancy
D:5:      layout_loops_corners, grunt_gozag_breadcrumbs, uniq_ijyb
D:6:      layout_basic, serial_shops, shop, grunt_ministairs_10,
          minmay_fractal_squares_5
D:7:      layout_basic, serial_curves, eino_curves_03, eino_curves_03,
          eino_curves_01, eino_curves_01
D:8:      layout_loops_corners
D:9:      layout_irregular_city, lightli_minifort
D:10:     layout_long_grid, erik_lair_island
D:11:     layout_long_grid, david_orc_3, grunt_decor_junction, uniq_grum
D:12:     minmay_clustersquares, layout_basic, gauntlet_entry_generic
D:13:     minmay_textured_paths, layout_stronghold, serial_shops,
          nicolae_shop_window_shopping, nicolae_trove_entry_free_sample,
          moated_statue, corner_web_ring
Temple:   mainiacjoe_temple_starburst

Skill      XL: |  1  2  3  4  5  6  7  8  9 10 11 12 |
---------------+-------------------------------------+-----
Long Blades    | 2 3 4 5 7 8 9 11 | 11.8
Armour         | 4 5 6 7 8 9 10 11 | 11.3
Fighting       | 3 4 5 6 7 8 |  8.7
Shields        | 4 5 6 7 8 9 10 | 10.1
Invocations    | 3 4 6 |  6.8

Action                     |  1- 3 |  4- 6 |  7- 9 | 10-12 || total
---------------------------+-------+-------+-------+-------++-------
  Melee: Long sword        |   116 |    73 |   153 |   572 ||   914
         Tailslap          |    12 |    18 |    54 |   139 ||   223
         Falchion          |       |    79 |   197 |       ||   276
 Invoke: Divine Shield     |       |       |       |     1 ||     1
         Summon Divine War |       |       |       |     1 ||     1
  Evoke: Wand              |       |       |       |     8 ||     8
    Use: Scroll            |     6 |     4 |    11 |     2 ||    23
         Potion            |       |     1 |     2 |     6 ||     9
 Armour: Chain mail        |   117 |   108 |   193 |   626 ||  1044
         Plate armour      |       |    34 |   225 |       ||   259
  Dodge: Dodged            |    34 |    23 |    98 |   163 ||   318
  Block: Buckler           |    38 |    51 |   136 |   228 ||   453

Table legend: (Time is in decaauts)
 A = Elapsed time spent in this place.
 B = Non-inter-level travel time spent in this place.
 C = Inter-level travel time spent in this place.
 D = Time resting spent in this place.
 E = Time spent auto-exploring this place.
 F = Levels seen in this place.
 G = Mean time per level.
                   A        B        C        D        E       F      G
               +--------+--------+--------+--------+--------+-----+--------+
         Total |  13416 |  12912 |    504 |   1441 |   8624 |  15 |  894.4 |
       Dungeon |  12295 |  11899 |    396 |   1023 |   8382 |  13 |  945.8 |
        Temple |    112 |      4 |    108 |      0 |      0 |   1 |  112.0 |
      Gauntlet |   1008 |   1008 |      0 |    417 |    242 |   1 | 1008.0 |
               +--------+--------+--------+--------+--------+-----+--------+

Top non-repeatable levels by time:
     D:3: 1359 daAuts
     D:8: 1257 daAuts
    D:10: 1161 daAuts
     D:5: 1145 daAuts
     D:9: 1080 daAuts
Gauntlet: 1008 daAuts
    D:11: 1007 daAuts
    D:12: 975 daAuts
     D:6: 961 daAuts
     D:1: 955 daAuts
     D:4: 912 daAuts
     D:7: 734 daAuts
     D:2: 626 daAuts
    D:13: 117 daAuts
  Temple: 112 daAuts
